 Dungeon Crawl Stone Soup version 0.28-a0-863-g8cecda6153 (webtiles) character file.

Game seed: 3155075547651787434

706698 porpoise the Sorcerer (level 27, 0/155 HPs)
             Began as a Deep Elf Conjurer on Nov 14, 2021.
             Was the Champion of Vehumet.
             Killed from afar by an orb of fire (11 damage)
             ... with a fireball
             ... on level 5 of the Realm of Zot on Nov 17, 2021.
             The game lasted 10:00:31 (87169 turns).

porpoise the Sorcerer (Deep Elf Conjurer)          Turns: 87169, Time: 10:00:39

Health: 0/155      AC: 19    Str: 11    XL:     27
Magic:  9/52       EV: 22    Int: 42    God:    Vehumet [******]
Gold:   8538       SH: 15    Dex: 18    Spells: 3/76 levels left

rFire   + + +      SeeInvis +   b - staff of earth
rCold   + + .      Faith    .   q - +2 shield of Resistance {rF++ rC++ Will++}
rNeg    + + +      Spirit   .   X - +2 robe {Archmagi}
rPois   +          Reflect  .   D - +2 helmet {SInv}
rElec   +          Harm     .   R - +2 cloak {Will+}
rCorr   .          Rampage  .   A - +1 pair of gloves of Whack-A-Mole {rF++ rN+++ Stlth-}
Will    ++++.      Archmagi +   n - +2 pair of boots {Fly}
Stlth   +++++..... Rage     1%  u - amulet "Tepruoh" {RegenMP Regen+ Int+5 Dex-4}
HPRegen 1.35/turn  Rnd*Tele +   M - ring of Cyxtuch {Wiz Contam rPois Will- Int+3 Dex+9}
MPRegen 0.58/turn               x - ring "Xeco" {Fly rElec rF+ MP+9 Int+4}

@: flying, slowed, studying 2 skills, very slow
A: iridescent scales 2, berserk 1, deformed body, deterioration 1, fire
resistance 1, frail 1, low mp 2, teleportitis 1, MP-powered wands
}: 4/15 runes: serpentine, barnacled, slimy, silver
a: Renounce Religion


You were on level 5 of the Realm of Zot.
You worshipped Vehumet.
Vehumet was exalted by your worship.
You visited 12 branches of the dungeon, and saw 57 of its levels.
You also visited: Trove, Gauntlet and Wizlab.

You collected 13752 gold pieces.
You spent 5214 gold pieces at shops.

Inventory:

Missiles
 v - 15 boomerangs of dispersal
 N - 4 throwing nets
Armour
 n - a +2 pair of boots of flying (worn)
 q - the +2 shield of Resistance (worn) {rF++ rC++ Will++}
   (You found it in a treasure trove)

   rF:        It greatly protects you from fire.
   rC:        It greatly protects you from cold.
   Will:      It greatly increases your willpower.
 A - the +1 pair of gloves of Whack-A-Mole (worn) {rF++ rN+++ Stlth-}
   (You found it in a Gauntlet)

   rF:        It greatly protects you from fire.
   rN:        It renders you almost immune to negative energy.
   Stlth:     It makes you less stealthy.
 D - a +2 helmet of see invisible (worn)
 R - a +2 cloak of willpower (worn)
 X - a +2 robe of the Archmagi (worn)
Magical Staves
 a - a staff of conjuration
 b - a staff of earth (weapon)
 w - a staff of fire
Jewellery
 u - the amulet "Tepruoh" (around neck) {RegenMP Regen+ Int+5 Dex-4}
   (You found it in a Gauntlet)

   [amulet of magic regeneration]

   It increases your rate of magic regeneration.
   Int:       It affects your intelligence (+5).
   Dex:       It affects your dexterity (-4).
   Regen:     It increases your rate of health regeneration.
 x - the ring "Xeco" (right hand) {Fly rElec rF+ MP+9 Int+4}
   (You found it on level 3 of the Elven Halls)

   [ring of flight]

   Int:       It affects your intelligence (+4).
   rF:        It protects you from fire.
   rElec:     It insulates you from electricity.
   MP:        It affects your magic capacity (+9).
   Fly:       It grants you flight.
 M - the ring of Cyxtuch (left hand) {Wiz Contam rPois Will- Int+3 Dex+9}
   (You found it on level 5 of the Pits of Slime)

   [ring of wizardry]

   It improves your spell success rate.
   Int:       It affects your intelligence (+3).
   Dex:       It affects your dexterity (+9).
   rPois:     It protects you from poison.
   Contam:    It causes magical contamination when unequipped.
   Will:      It decreases your willpower.
Wands
 e - a wand of mindburst (50) (quivered)
 h - a wand of acid (71)
 l - a wand of digging (24)
 H - a wand of paralysis (24)
 I - a wand of iceblast (65)
Scrolls
 c - 8 scrolls of immolation
 d - 9 scrolls of fear
 f - 4 scrolls of silence
 g - a scroll of summoning
 j - 3 scrolls of enchant weapon
 p - 23 scrolls of teleportation
 y - 4 scrolls of magic mapping
 O - 2 scrolls of holy word
 Q - 3 scrolls of vulnerability
 T - 3 scrolls of torment
 U - 4 scrolls of fog
Potions
 i - 9 potions of attraction
 m - 7 potions of resistance
 r - 4 potions of cancellation
 z - 3 potions of heal wounds
 B - 11 potions of lignification
 C - 5 potions of brilliance
 E - 3 potions of invisibility
 J - 21 potions of curing
 K - 10 potions of haste
 L - a potion of magic
 V - a potion of ambrosia
Miscellaneous
 o - a tin of tremorstones (2/2)
 t - a box of beasts
 F - a condenser vane
 G - a phantom mirror


   Skills:
 - Level 18.0 Fighting
 - Level 6.0 Throwing
 - Level 7.0 Armour
 - Level 16.0 Dodging
 - Level 16.0 Stealth
 - Level 12.0 Shields
 + Level 25.3 Spellcasting
 - Level 20.0 Conjurations
 - Level 14.7 Hexes
 - Level 9.0 Necromancy
 - Level 7.0 Translocations
 - Level 12.0 Transmutations
 + Level 21.6 Fire Magic
 - Level 22.0 Earth Magic
 - Level 11.0 Evocations


You had 3 spell levels left.
You knew the following spells:

 Your Spells              Type           Power      Damage    Failure   Level
a - Stone Arrow           Conj/Erth      100%       3d13      0%          3
c - Fulminant Prism       Conj/Hex       70%        3d30      0%          4
d - Iskenderun's Mystic   Conj/Tloc      100%       2d19      0%          4
e - Iron Shot             Conj/Erth      87%        9d16      0%          6
f - Fireball              Conj/Fire      74%        3d28      0%          5
i - Ignition              Fire           75%        3d20      1%          8
k - Blink                 Tloc           100%       N/A       1%          2
l - Lee's Rapid Deconstr  Erth           88%        3d40*     0%          5
o - Orb of Destruction    Conj           73%        9d19      1%          7
p - Apportation           Tloc           100%       N/A       1%          1
r - Irradiate             Conj/Tmut      68%        3d36      0%          5
s - Fire Storm            Conj/Fire      74%        8d19      1%          9
t - Shatter               Erth           88%        3d64*     1%          9
u - Sublimation of Blood  Necr           100%       N/A       0%          2
v - Vampiric Draining     Necr           100%       2d13      1%          3

Your spell library contained the following spells:

 Spells                   Type           Power      Damage    Failure   Level
 Chain Lightning          Conj/Air       58%        3d78      54%         9
 Animate Skeleton         Necr           100%       N/A       0%          1
 Magic Dart               Conj           100%       1d8       0%          1
 Pain                     Necr           100%       1d9       0%          1
 Sandblast                Erth           100%       2d20      0%          1
 Shock                    Conj/Air       100%       1d9       0%          1
 Slow                     Hex            100%       N/A       0%          1
 Passwall                 Tmut/Erth      100%       N/A       0%          2
 Scorch                   Fire           100%       2d10      0%          2
 Searing Ray              Conj           100%       2d8       0%          2
 Static Discharge         Conj/Air       100%       N/A       0%          2
 Wereblood                Tmut           100%       N/A       0%          2
 Confusing Touch          Hex            100%       N/A       0%          3
 Dazzling Flash           Conj/Hex       100%       N/A       0%          3
 Ignite Poison            Fire/Tmut/Pois 100%       N/A       0%          3
 Portal Projectile        Hex/Tloc       100%       N/A       0%          3
 Tukima's Dance           Hex            100%       N/A       0%          3
 Freeze                   Ice            100%       1d11      1%          1
 Sting                    Tmut/Pois      100%       1d8       1%          1
 Call Imp                 Summ           68%        N/A       1%          2
 Corpse Rot               Necr/Air       100%       N/A       1%          2
 Ensorcelled Hibernation  Hex/Ice        100%       N/A       1%          2
 Poisonous Vapours        Pois/Air       100%       N/A       1%          2
 Frozen Ramparts          Ice            100%       1d12      1%          3
 Gell's Gravitas          Tloc           100%       N/A       1%          3
 Lesser Beckoning         Tloc           100%       N/A       1%          3
 Mephitic Cloud           Conj/Pois/Air  100%       N/A       1%          3
 Ozocubu's Armour         Ice            68%        N/A       1%          3
 Spider Form              Tmut/Pois      100%       N/A       1%          3
 Summon Guardian Golem    Hex/Summ       100%       N/A       1%          3
 Teleport Other           Tloc           100%       N/A       1%          3
 Cause Fear               Hex            66%        N/A       0%          4
 Flame Wave               Conj/Fire      100%       3d16      0%          4
 Leda's Liquefaction      Hex/Erth       84%        N/A       0%          4
 Sticky Flame             Conj/Fire      100%       2d11      0%          4
 Borgnjor's Vile Clutch   Necr/Erth      80%        N/A       0%          5
 Iskenderun's Battlesphe  Conj           100%       2d15      0%          5
 Starburst                Conj/Fire      74%        6d19      0%          6
 Animate Armour           Summ/Erth      100%       N/A       1%          4
 Hailstorm                Conj/Ice       100%       3d20      1%          4
 Ice Form                 Ice/Tmut       100%       N/A       1%          4
 Passage of Golubria      Tloc           100%       N/A       1%          4
 Summon Ice Beast         Ice/Summ       68%        N/A       1%          4
 Agony                    Necr           100%       N/A       1%          5
 Alistair's Intoxication  Tmut/Pois      67%        N/A       1%          5
 Blade Hands              Tmut           62%        N/A       1%          5
 Excruciating Wounds      Necr           57%        N/A       1%          5
 Lightning Bolt           Conj/Air       58%        1d81      1%          5
 Manifold Assault         Tloc           100%       N/A       1%          5
 Metabolic Englaciation   Hex/Ice        53%        N/A       1%          5
 Silence                  Hex/Air        53%        N/A       1%          5
 Summon Forest            Summ/Tloc      44%        N/A       1%          5
 Summon Mana Viper        Hex/Summ       100%       N/A       1%          5
 Yara's Violent Unravell  Hex/Tmut       64%        3d24      1%          5
 Conjure Ball Lightning   Conj/Air       58%        3x3d21    1%          6
 Dispersal                Tloc           53%        N/A       1%          6
 Eringya's Noxious Bog    Tmut/Pois      50%        N/A       1%          6
 Statue Form              Tmut/Erth      100%       N/A       1%          6
 Dragon Form              Tmut           62%        N/A       1%          7
 Spellforged Servitor     Conj/Summ      58%        N/A       1%          7
 Lehudib's Crystal Spear  Conj/Erth      87%        10d19     1%          8
 Simulacrum               Ice/Necr       47%        N/A       4%          6
 Haunt                    Necr/Summ      47%        N/A       24%         7
 Summon Cactus Giant      Summ           34%        N/A       26%         6
 Malign Gateway           Summ/Tloc      44%        N/A       34%         7
 Disjunction              Tloc           53%        N/A       52%         8
 Monstrous Menagerie      Summ           34%        N/A       80%         7
 Summon Hydra             Summ           34%        N/A       80%         7
 Maxwell's Capacitive Co  Air            34%        ∞         91%         8
 Summon Horrible Things   Summ           34%        N/A       100%        8
 Dragon's Call            Summ           34%        N/A       100%        9
 Polar Vortex             Ice            34%        N/A       100%        9


Dungeon Overview and Level Annotations

Branches:
Dungeon (15/15)            Temple (1/1) D:7            Lair (6/6) D:9
 Shoals (4/4) Lair:4        Snake (4/4) Lair:3        Slime (5/5) Lair:6
    Orc (2/2) D:12            Elf (3/3) Orc:2        Vaults (5/5) D:14
  Crypt (3/3) Vaults:3       Tomb (0/3) Crypt:3      Depths (4/4) D:15
    Zot (5/5) Depths:4     WizLab (visited)         Gauntlet (visited)

Altars:
Ashenzari
Cheibriados
Dithmenos
Elyvilon
Fedhas
Gozag
Hepliaklqana
Kikubaaqudgha
Makhleb
Nemelex Xobeh
Okawaru
Qazlal
Ru
Sif Muna
Trog
Uskayaw
Vehumet
Wu Jian
Xom
Yredelemnul
Zin
The Shining One
Jiyva

Shops:
D:1 (   D:5 :   D:7 ?=*   D:10 =   Orc:2 *(!*(   Elf:1 *   Elf:2 ?*
Shoals:1 [   Snake:1 **   Snake:2 [(**   Snake:4 ((?[   Vaults:2 ![:[?
Depths:3 =

Portals:
Hell: Depths:1 Depths:2 Depths:3 Depths:4
Abyss: Depths:3
Pandemonium: Depths:1 Depths:2 Depths:3
Ziggurat: Depths:4


Innate Abilities, Weirdness & Mutations

You are mostly covered in iridescent scales. (AC +4)
You tend to lose your temper in combat.
Armour fits poorly on your strangely shaped body.
Your body sometimes deteriorates upon taking damage.
Your flesh is heat resistant. (rF+)
You are frail. (-10% HP)
Your magical capacity is very low. (-20% MP)
You are occasionally teleported next to monsters.
You expend magic power (3 MP) to strengthen your wands.


Message History

Confirm with . or Enter, or press ? or * to list all spells.
Okay, then.
Unknown command.
Okay, then.
Unknown command.
As you read the scroll of summoning, it crumbles to dust.
Wisps of shadow whirl around you...
The world stops spinning.
The death cob hits your red draconian but does no damage.
The death cob hits your red draconian! The electric golem hits you!
* * * LOW HITPOINT WARNING * * *
The electric golem shocks you. You resist.
* * * LOW HITPOINT WARNING * * *
You block the electric golem's attack.
The electric golem completely misses you.
You block the electric golem's attack. The death cob hits your red draconian!
The Killer Klown says, "Come and play with me!"
The golden dragon breathes poison at you.
The blast of poison misses you. You block the electric golem's attack.
The electric golem hits you but does no damage.
The electric golem completely misses you.
The electric golem hits you but does no damage.
The Orb Guardian hits your green draconian!!
The Orb Guardian hits your white draconian!!
The lorocyproca barely misses your red draconian.
The death cob hits your red draconian!!
The Killer Klown prods your storm dragon with a +12 club of distortion!
Your storm dragon blinks!
The golden dragon closely misses you.
The golden dragon claws you but does no damage.
The golden dragon tramples you.
* * * LOW HITPOINT WARNING * * *
You hold your ground!
The electric golem blinks!
Casting: Iskenderun's Mystic Blast (safe; 0% risk of failure)
Confirm with . or Enter, or press ? or * to list all spells.
You feel a surge of power!
You blink.
The death cob barely misses your storm dragon.
The orb of fire glows bright magenta.
The fireball explodes!
The fireball engulfs you! You resist.
You die...

*.........[....§§§§*§q.▓.....^...
▓▓.....^........*§XddD☼y.p...0...
▓..............§§X§X§9°▓.....^...
...............§§§§z2dL▓▓^.......
...^........*d.§.*Dp.d.▓▓▓.......
...............§.......# ▓▓▓▓▓▓▓▓
......................##
▓......*..(.........▓##
*▓.....D........@▓▓▓▓
▓▓8.○X.##▓▓▓▓▓▓▓▓▓▓▓#
*#...d...z*.......^.[###
#............,,,,*#....##
.............,,,,^###...#########
..X..........^,,,,,*##...........
d............,,,,,,* ##..........
..^..........,,,,,,* #..........
..........d..,,,,,,* ##.........


You could see 2 orbs of fire, a Killer Klown, an electric golem, a golden
dragon, a dread lich (ally target), a red draconian, a death cob (ally target),
an Orb Guardian, a lorocyproca (summoned, invisible), a friendly storm dragon
(summoned), a friendly yellow draconian (summoned), a friendly red draconian
(summoned) and a friendly moth of wrath (summoned).

Vanquished Creatures
  Dissolution (Slime:5)
  the Royal Jelly (Slime:5)
  6 dread liches
  8 orbs of fire
  An ancient lich (Zot:5)
  A juggernaut (Depths:3)
  Mara (Snake:3)
  Sojobo (Vaults:2)
  6 Killer Klowns
  Frederick (Depths:4)
  Vashnia (Snake:3)
  4 curse toes
  Saint Roka (Depths:4)
  Xtahua (Crypt:2)
  The ghost of Somi Kux the Hoplite, a veteran HOFi of Qazlal (Vaults:4)
  9 golden dragons
  the Enchantress (Depths:2)
  Nikola (Snake:2)
  2 bone dragons (Crypt:3)
  2 electric golems
  14 tentacled monstrosities
  A walking crystal tome (Depths:1)
  2 hellephants (Zot:1)
  Jorgrun (Snake:1)
  22 Orb Guardians (Zot:5)
  2 liches (Depths:3)
  The ghost of Gemof the Thaumaturge, an adept DjWz of Ru (Vaults:4)
  7 quicksilver dragons
  A walking frostbound tome (Depths:3)
  A deep elf master archer (Elf:3)
  A deep elf blademaster (Elf:2)
  30 acid blobs
  4 titans
  11 sphinxes
  Polyphemus (Shoals:3)
  6 ancient champions
  Frances (D:14)
  6 death cobs
  The ghost of Pooter the Warrior, an adept MiBe of Trog (Elf:3)
  11 shadow dragons
  8 nagarajas (Snake:4)
  Donald (Snake:2)
  10 tengu reavers
  5 revenants
  3 draconian monks
  13 storm dragons
  Roxanne (Snake:1)
  11 rockslimes
  10 frost giants
  6 draconian knights
  20 fire giants
  The ghost of Eveboq the Devastator, an adept HuCj of Vehumet (Elf:1)
  8 azure jellies
  18 vault wardens
  8 deep elf sorcerers
  2 balrugs (Zot:3)
  3 ghost moths
  5 draconian scorchers
  3 iron dragons (Vaults:5)
  9 draconian shifters
  An orc warlord (Vaults:1)
  Aizul (Vaults:3)
  2 curse skulls
  5 deep elf elementalists (Elf:3)
  13 ghouls
  6 draconian stormcallers
  A caustic shrike skeleton (Crypt:3)
  A quicksilver ooze (shapeshifter) (Zot:1)
  5 war gargoyles
  20 ironbound preservers
  7 spriggan defenders
  6 reapers (Depths:1)
  5 draconian annihilators
  8 quicksilver oozes
  22 very ugly things
  16 stone giants
  13 green draconians
  6 vampire knights
  5 deep elf demonologists
  14 black draconians
  3 entropy weavers
  18 red draconians
  A spark wasp (shapeshifter) (Depths:3)
  11 deep elf annihilators
  12 yellow draconians
  2 entropy weavers (shapeshifter)
  4 minotaurs
  20 purple draconians
  A bunyip (shapeshifter) (Zot:1)
  9 dire elephants
  6 spark wasps
  13 white draconians
  14 ettins
  9 statues (WizLab)
  Snorg (Orc:2)
  10 deep elf death magi
  4 deep elf high priests
  3 eidola
  3 mummy priests (Crypt:3)
  4 merfolk javelineers
  Josephine (Snake:1)
  9 merfolk impalers
  An ettin (shapeshifter) (Zot:1)
  7 jiangshi
  19 fire dragons
  19 yaktaur captains
  A quicksilver dragon skeleton (Crypt:2)
  37 vault guards
  5 rakshasas
  6 ironbound thunderhulks
  3 peacekeepers
  10 great orbs of eyes
  9 ice dragons
  9 hydras
  5 boulder beetles
  10 naga warriors
  3 ogre magi
  14 ironbound frosthearts
  2 alligator snapping turtles
  5 spriggan air magi
  4 catoblepae
  14 anacondas
  4 death knights
  12 two-headed ogres
  Erica (Lair:1)
  9 satyrs (Shoals:4)
  21 centaur warriors
  A merfolk avatar (Shoals:4)
  27 dancing weapons
  4 merfolk aquamancers
  6 vampire magi
  11 deep troll earth magi
  5 tengu warriors
  7 deep troll shamans
  2 death scarabs (Gauntlet)
  11 death yaks
  8 spriggan berserkers
  15 naga sharpshooters
  Nergalle (Lair:4)
  2 soul eaters
  A hell knight (Depths:3)
  5 orc high priests
  21 deep elf knights
  10 shock serpents
  6 shadow wraiths (Crypt:3)
  2 salamander mystics
  The ghost of CowFu the Changer, a novice DrTm of Okawaru (D:8)
  A spark wasp zombie (D:15)
  10 iron trolls
  25 skeletal warriors
  A golden dragon zombie (D:15)
  A fire crab (Lair:6)
  A bunyip zombie (Crypt:3)
  3 flayed ghosts
  A storm dragon skeleton (Crypt:1)
  18 sea snakes
  55 deep trolls
  A spectral catoblepas (Gauntlet)
  2 bog bodies (Crypt:2)
  5 glowing orange brains
  A bunyip skeleton (Crypt:3)
  20 deep elf archers
  A shadow dragon zombie (Crypt:3)
  An obsidian statue (Elf:1)
  10 wizards
  4 naga ritualists
  6 necromancers
  8 orc knights
  2 orb spiders (shapeshifter)
  20 harpies
  11 phantasmal warriors
  5 lindwurms
  8 shining eyes
  20 ironbound convokers
  32 deep elf pyromancers
  24 deep elf zephyrmancers
  3 mana vipers
  An iron dragon zombie (D:15)
  17 manticores
  6 orc sorcerers
  3 fire giant zombies
  An oklob plant (Lair:5)
  14 fauns
  A stone giant zombie (Crypt:3)
  33 ugly things
  21 moths of wrath
  7 cyclopes
  13 elephants
  A human skeleton (Vaults:5)
  10 merfolk sirens
  A moth of wrath (shapeshifter) (Elf:2)
  15 salamanders
  A water nymph (shapeshifter) (Depths:2)
  A stone giant skeleton (Vaults:5)
  A naga zombie (Crypt:3)
  2 rust devils (Depths:1)
  32 black mambas
  2 dire elephant zombies (Crypt:3)
  7 guardian serpents (Snake:4)
  2 guardian serpents (shapeshifter)
  5 water nymphs
  A black mamba (shapeshifter) (Vaults:5)
  2 fire giant skeletons
  An orange demon (Depths:1)
  16 naga magi
  3 eyes of devastation
  A dire elephant skeleton (Crypt:1)
  A storm dragon simulacrum (Vaults:5)
  2 cane toads (shapeshifter)
  A torpor snail (Lair:6)
  21 cane toads
  2 molten gargoyles (Lair:6)
  20 vault sentinels
  A spriggan skeleton (Crypt:1)
  Maggie (D:8)
  An efreet (D:13)
  An orc skeleton (Crypt:3)
  A minotaur zombie (Crypt:1)
  10 unseen horrors
  A komodo dragon (shapeshifter) (Depths:3)
  A rime drake (Lair:4)
  12 komodo dragons
  A green draconian zombie (Crypt:1)
  A catoblepas skeleton (Crypt:2)
  7 freezing wraiths
  15 guardian mummies
  18 tengu conjurers
  21 yaktaurs
  A black draconian skeleton (Crypt:3)
  3 meliai
  A harpy zombie (Crypt:3)
  4 polar bears
  A troll (shapeshifter) (Elf:1)
  A hydra zombie (Crypt:1)
  4 hornets
  9 trolls
  Prince Ribbit (D:6)
  23 merfolk
  2 wind drakes
  109 slime creatures
  A death drake skeleton (Crypt:2)
  A dream sheep (shapeshifter) (Vaults:5)
  13 blink frogs
  A raiju (Gauntlet)
  A guardian serpent zombie (Crypt:3)
  8 snapping turtles
  3 redbacks (Vaults:2)
  6 spriggans
  A redback (shapeshifter) (Zot:1)
  5 shadows
  2 air elementals
  10 wraiths
  A tarantella (shapeshifter) (Zot:1)
  A vampire (D:12)
  10 flying skulls
  34 water elementals
  A fire elemental (Elf:1)
  A tyrant leech zombie (Crypt:1)
  8 wyverns
  2 ushabtiu (Crypt:3)
  A spriggan simulacrum (Crypt:3)
  3 basilisks
  A black mamba skeleton (Crypt:3)
  54 yaks
  An ettin skeleton (Crypt:2)
  5 steam dragons
  6 wargs
  40 nagas
  21 water moccasins
  4 hell hounds (Lair:6)
  A water nymph skeleton (Crypt:1)
  An acid dragon (D:13)
  5 ice beasts
  A spectral torpor snail (Gauntlet)
  36 orc warriors
  6 necrophages
  13 wolves
  An ettin simulacrum (Crypt:1)
  An elephant zombie (Crypt:3)
  6 ogres
  A black bear (D:6)
  14 centaurs
  A hog zombie (Crypt:3)
  7 boggarts
  A blink frog skeleton (Crypt:2)
  A palentonga zombie (Crypt:1)
  2 phantoms (D:6)
  2 human zombies (Vaults:3)
  2 octopode zombies
  14 bullfrogs
  5 scorpions
  2 gnoll sergeants
  A komodo dragon skeleton (Crypt:2)
  4 earth elementals
  A warg zombie (Crypt:1)
  5 killer bees (D:8)
  3 wights (D:8)
  3 howler monkeys
  9 electric eels
  A bullfrog zombie (D:6)
  4 centaur zombies
  3 hounds
  4 lava snakes (Lair:6)
  A bullfrog skeleton (D:5)
  Crazy Yiuf (D:4)
  16 orc priests
  3 jellies
  A gnoll shaman (D:6)
  23 orc wizards
  3 polar bear simulacra (Lair:4)
  10 hell rats
  5 yak simulacra (Lair:4)
  2 wolf simulacra (Lair:4)
  2 centaur simulacra (D:8)
  A hound zombie (Crypt:2)
  4 mummies (Depths:1)
  A howler monkey skeleton (Crypt:1)
  10 gnolls
  5 adders
  A shadow imp (D:7)
  5 white imps
  An ufetubus (D:7)
  3 worms
  2 dart slugs
  87 orcs
  5 ball pythons
  11 endoplasms
  2 giant cockroaches
  2 goblins
  5 hobgoblins
  6 jackals
  A quokka (D:2)
  A river rat zombie (Crypt:3)
  4 bats
  2 frilled lizards
  A hobgoblin zombie (Crypt:3)
  5 kobolds
  4 rats
  A rat skeleton (Crypt:3)
  A river rat simulacrum (Lair:4)
  3 fulminant prisms
2477 creatures vanquished.

Vanquished Creatures (collateral kills)
  An orc (D:5)
1 creature vanquished.

Vanquished Creatures (others)
  Asterion (Elf:3)
  A draconian knight (Zot:2)
  A fire dragon (Depths:3)
  A deep elf high priest (Elf:3)
  An orc wizard (Elf:1)
  297 fulminant prisms
  45 fungi
  105 plants
  12 withered plants
464 creatures vanquished.

Grand Total: 2942 creatures vanquished

Notes
Turn   | Place    | Note
-------+----------+-------------------------------------------
     0 | D:1      | porpoise the Deep Elf Conjurer began the quest for the Orb.
     0 | D:1      | Reached XP level 1. HP: 10/10 MP: 6/6
   471 | D:1      | Reached XP level 2. HP: 15/15 MP: 3/8
   475 | D:1      | Learned a level 2 spell: Searing Ray
   923 | D:1      | Found Nacivih's Antique Weapon Shop.
  1131 | D:2      | Reached skill level 4 in Spellcasting
  1227 | D:2      | Reached skill level 5 in Conjurations
  1227 | D:2      | Reached XP level 3. HP: 19/19 MP: 6/10
  2499 | D:3      | Reached XP level 4. HP: 24/24 MP: 10/12
  2518 | D:3      | Learned a level 4 spell: Fulminant Prism
  2523 | D:3      | Learned a level 4 spell: Iskenderun's Mystic Blast
  2541 | D:3      | Found a faded altar of an unknown god.
  2736 | D:3      | Found a shadowy altar of Dithmenos.
  3011 | D:4      | Reached skill level 5 in Spellcasting
  3011 | D:4      | Reached skill level 1 in Hexes
  3170 | D:4      | Found a runed translucent door.
  3171 | D:4      | Noticed Crazy Yiuf
  3753 | D:4      | Learned a level 2 spell: Sublimation of Blood
  4167 | D:4      | Killed Crazy Yiuf
  4168 | D:4      | Reached XP level 5. HP: 28/28 MP: 10/15
  4230 | D:5      | Entered Level 5 of the Dungeon
  4313 | D:5      | Reached skill level 6 in Spellcasting
  4365 | D:5      | Reached XP level 6. HP: 31/32 MP: 12/17
  4462 | D:1      | Bought a runed hunting sling for 108 gold pieces
  4699 | D:5      | Reached skill level 7 in Spellcasting
  4699 | D:5      | Reached skill level 5 in Hexes
  4799 | D:5      | Found Zaerr's Book Emporium.
  4850 | D:5      | Reached skill level 1 in Translocations
  4934 | D:5      | Noticed a water moccasin
  4938 | D:5      | Killed a water moccasin
  4939 | D:5      | Reached XP level 7. HP: 36/36 MP: 12/19
  5042 | D:5      | You fall into a shaft and drop 1 floor!
  5323 | D:6      | Noticed Prince Ribbit
  5331 | D:6      | Killed Prince Ribbit
  5428 | D:6      | Reached XP level 8. HP: 41/41 MP: 14/21
  5650 | D:6      | Reached skill level 8 in Spellcasting
  5650 | D:6      | Reached skill level 5 in Translocations
  5669 | D:6      | Reached skill level 9 in Spellcasting
  5712 | D:6      | Reached skill level 1 in Fighting
  6260 | D:7      | Found a staircase to the Ecumenical Temple.
  6278 | Temple   | Entered the Ecumenical Temple
  6560 | Temple   | Became a worshipper of Vehumet
  6660 | D:7      | Reached XP level 9. HP: 39/51 MP: 17/24
  6775 | D:7      | Reached skill level 1 in Necromancy
  6902 | D:7      | Found Ymil's General Store.
  7230 | D:7      | Found Onaplaar's Magic Scroll Boutique.
  7234 | D:7      | Found the ring of the Mage {Wiz Will++ Int+3}
  7291 | D:7      | Found Fatebamm's Jewellery Emporium.
  7741 | D:8      | Noticed CowFu's ghost (novice DrTm)
  7905 | D:8      | Reached * piety under Vehumet
  7905 | D:8      | Offered knowledge of Shock by Vehumet.
  7941 | D:8      | Noticed Maggie
  7953 | D:8      | Found a broken altar of Ashenzari.
  7964 | D:8      | Killed Maggie
  7965 | D:8      | Reached skill level 10 in Spellcasting
  8303 | D:8      | Found a runed translucent gate.
  8303 | D:8      | Found a runed translucent gate.
  8305 | D:8      | Found a runed translucent gate.
  8331 | D:8      | Reached skill level 5 in Fighting
  8331 | D:8      | Reached skill level 5 in Necromancy
  8849 | D:9      | Reached skill level 11 in Spellcasting
  8849 | D:9      | Reached XP level 10. HP: 49/59 MP: 7/27
  8857 | D:8      | Reached skill level 5 in Dodging
  9266 | D:8      | Reached skill level 12 in Spellcasting
  9719 | D:9      | Noticed a two-headed ogre
  9980 | D:9      | Reached skill level 1 in Evocations
 10374 | D:9      | Killed a two-headed ogre
 10444 | D:9      | Found a staircase to the Lair.
 10501 | D:9      | Found a transporter.
 10523 | D:9      | Noticed a two-headed ogre
 10527 | D:9      | Killed a two-headed ogre
 10528 | D:9      | Reached skill level 5 in Evocations
 10528 | D:9      | Reached XP level 11. HP: 63/63 MP: 22/29
 10651 | D:9      | Found a viscous altar of Jiyva.
 11214 | D:10     | Entered Level 10 of the Dungeon
 11350 | D:10     | Found a portal to a secret trove of treasure.
 11359 | Trove    | Entered a treasure trove
 11364 | Trove    | Found the +1 cloak of Starlight {*Dazzle EV+4 Stlth--}
 11364 | Trove    | Found the +2 shield of Resistance {rF++ rC++ Will++}
 11372 | Trove    | Identified the +1 chain mail "Busch" {rF+}
 11377 | Trove    | Identified the +1 scale mail "Sisetu" {rPois rF+ Will+}
 11383 | Trove    | Identified the -8 buckler of Leymilunt {Harm rCorr Int+3}
 11387 | Trove    | Identified the +1 pair of boots "Soyrghek" {rElec}
 11575 | D:10     | Noticed a two-headed ogre
 11581 | D:10     | Killed a two-headed ogre
 11587 | D:10     | Noticed a skeletal warrior
 11592 | D:10     | Noticed a skeletal warrior
 11594 | D:10     | Noticed a skeletal warrior
 11780 | D:10     | Found Essuen's Jewellery Shop.
 11928 | D:10     | Killed a skeletal warrior
 11929 | D:10     | Reached skill level 5 in Stealth
 11934 | D:10     | Killed a skeletal warrior
 12216 | D:10     | Killed a skeletal warrior
 12666 | D:5      | Bought the Grimoire of Snow and the Rocks for 364 gold
                  | pieces
 12670 | D:5      | Learned a level 3 spell: Stone Arrow
 12676 | D:5      | Learned a level 5 spell: Lee's Rapid Deconstruction
 13337 | Lair:1   | Entered Level 1 of the Lair of Beasts
 13342 | Lair:1   | Noticed a boulder beetle
 13988 | D:11     | Reached skill level 1 in Shields
 14188 | D:11     | Noticed a red ugly thing
 14188 | D:11     | Noticed a brown ugly thing
 14641 | D:11     | Killed a red ugly thing
 14653 | D:11     | Killed a brown ugly thing
 14973 | D:9      | Reached XP level 12. HP: 53/68 MP: 18/30
 14982 | D:9      | Killed a boulder beetle
 14983 | D:9      | Reached skill level 1 in Earth Magic
 15172 | Lair:1   | Offered knowledge of Poisonous Vapours by Vehumet.
 15177 | Lair:1   | Reached ** piety under Vehumet
 15497 | Lair:1   | Noticed an eight-headed hydra
 15503 | Lair:1   | Killed an eight-headed hydra
 15632 | Lair:1   | Reached skill level 5 in Earth Magic
 15691 | Lair:1   | Noticed Erica
 15699 | Lair:1   | Killed Erica
 16668 | Lair:2   | Noticed an eight-headed hydra
 16674 | Lair:2   | Killed an eight-headed hydra
 16702 | Lair:2   | Noticed a four-headed hydra
 16711 | Lair:2   | Killed a four-headed hydra
 16823 | Lair:2   | Offered knowledge of Scorch by Vehumet.
 16848 | Lair:2   | Found a gate leading to a gauntlet.
 16860 | Gauntlet | Entered a Gauntlet
 16860 | Gauntlet | Found a transporter.
 16860 | Gauntlet | Found a transporter.
 16860 | Gauntlet | Found a transporter.
 16883 | Gauntlet | Found a transporter.
 16883 | Gauntlet | Found a transporter.
 16883 | Gauntlet | Found a transporter.
 16891 | Gauntlet | Noticed a death scarab
 16893 | Gauntlet | Found a transporter.
 16897 | Gauntlet | Found a transporter.
 16908 | Gauntlet | Noticed a hell beast
 16909 | Gauntlet | Found a transporter.
 16936 | Gauntlet | Noticed a death scarab
 17012 | Gauntlet | Found a transporter.
 17014 | Gauntlet | Found a transporter.
 17024 | Gauntlet | Found a transporter.
 17191 | Gauntlet | Identified the +0 pair of gloves of Narcissism {Str+2}
 17199 | Gauntlet | Killed a death scarab
 17301 | Gauntlet | Killed a death scarab
 17322 | Gauntlet | Identified the +2 pair of gloves "Daoss" {Fly Regen+
                  | Slay-5}
 17362 | Gauntlet | Reached *** piety under Vehumet
 17364 | Gauntlet | Reached skill level 13 in Spellcasting
 17364 | Gauntlet | Reached XP level 13. HP: 76/76 MP: 24/32
 17497 | Gauntlet | Noticed a minotaur
 17504 | Gauntlet | Killed a minotaur
 17787 | Gauntlet | Identified the +1 pair of gloves of Whack-A-Mole {rF++
                  | rN+++ Stlth-}
 17787 | Gauntlet | Identified the amulet "Tepruoh" {RegenMP Regen+ Int+5
                  | Dex-4}
 18025 | Lair:2   | Offered knowledge of Inner Flame by Vehumet.
 19175 | Lair:3   | Reached skill level 14 in Spellcasting
 19658 | Lair:3   | Found a staircase to the Snake Pit.
 19951 | Lair:1   | Identified a scroll of acquirement
 19951 | Lair:1   | Acquired the ring "Meock" {Will++ MP+9 Str+3}
 20216 | Lair:4   | You fall into a shaft and drop 1 floor!
 20227 | Lair:5   | Reached **** piety under Vehumet
 20243 | Lair:5   | Reached skill level 10 in Hexes
 20367 | Lair:5   | Offered knowledge of Irradiate by Vehumet.
 20390 | Lair:5   | Learned a level 5 spell: Irradiate
 20658 | Lair:4   | Found a staircase to the Shoals.
 20833 | Lair:4   | Noticed Nergalle
 20839 | Lair:4   | Killed Nergalle
 21091 | Lair:4   | Reached ***** piety under Vehumet
 21091 | Lair:4   | Offered knowledge of Orb of Destruction by Vehumet.
 21111 | Lair:4   | Learned a level 7 spell: Orb of Destruction
 21591 | Lair:5   | Reached skill level 5 in Shields
 21699 | Lair:5   | Reached skill level 1 in Transmutations
 21702 | Lair:5   | Reached XP level 14. HP: 86/86 MP: 34/34
 21754 | Lair:5   | Acquired a staff of conjuration
 21990 | Lair:5   | Found the +3 warlock's mirror {reflect}
 22568 | D:12     | Found a staircase to the Orcish Mines.
 22831 | D:12     | Identified the +5 mace "Ynyclef" {antimagic, Fly Dex+4}
 23801 | D:13     | Reached skill level 5 in Transmutations
 23803 | D:13     | Identified the +5 long sword of Epen {flame, *Slow +Blink
                  | rC+}
 23962 | D:13     | Identified the +6 plate armour of Foolhardiness {rN+ Int+3}
 23973 | D:13     | Identified the +2 plate armour "Vikokia" {rPois rF- Dex+4}
 24257 | D:13     | Offered knowledge of Conjure Ball Lightning by Vehumet.
 24338 | D:13     | Found an iron altar of Okawaru.
 24773 | D:7      | Bought a scroll of identify for 28 gold pieces
 24826 | D:7      | Bought a scroll of identify for 30 gold pieces
 24826 | D:7      | Bought a scroll of identify for 30 gold pieces
 24826 | D:7      | Bought a scroll of identify for 30 gold pieces
 24837 | D:7      | Upgraded the game from 0.28-a0-850-g09de17f5b5 to
                  | 0.28-a0-851-g8b9cc49659
 25115 | D:14     | Reached skill level 10 in Conjurations
 25793 | D:14     | Found a gate to the Vaults.
 25940 | D:14     | Reached XP level 15. HP: 69/90 MP: 7/35
 26308 | D:14     | Noticed Frances
 26317 | D:14     | Killed Frances
 26972 | D:15     | Entered Level 15 of the Dungeon
 27162 | D:15     | Reached skill level 1 in Armour
 27295 | D:15     | Found a staircase to the Depths.
 28158 | Lair:6   | Entered Level 6 of the Lair of Beasts
 28466 | Lair:6   | Offered knowledge of Freezing Cloud by Vehumet.
 28474 | Lair:6   | Reached skill level 5 in Armour
 28662 | Lair:6   | Found a staircase to the Slime Pits.
 28885 | Lair:6   | Learned a level 6 spell: Iron Shot
 29431 | Lair:6   | Reached skill level 10 in Dodging
 29703 | Lair:6   | Found a large runed translucent door.
 29704 | Lair:6   | Found a large runed translucent door.
 30297 | Orc:1    | Entered Level 1 of the Orcish Mines
 30722 | Orc:2    | Entered Level 2 of the Orcish Mines
 30730 | Orc:2    | Noticed Snorg
 30776 | Orc:1    | Reached skill level 15 in Spellcasting
 30814 | Orc:2    | Killed Snorg
 30956 | Orc:2    | Reached XP level 16. HP: 96/96 MP: 37/37
 31042 | Orc:1    | Offered knowledge of Ozocubu's Refrigeration by Vehumet.
 31441 | Orc:2    | Found Ramacric's Antique Weapon Emporium.
 31648 | Orc:2    | Found a staircase to the Elven Halls.
 31795 | Orc:2    | Found a burning altar of Makhleb.
 31951 | Orc:2    | Found Enelotetu's Distillery.
 31951 | Orc:2    | Found Tagh's Assorted Antiques.
 31953 | Orc:2    | Found Ono Adi's General Store.
 31953 | Orc:2    | Found Woagoic's Antique Weapon Boutique.
 31961 | Orc:2    | Bought a wand of digging (8) for 336 gold pieces
 31964 | Orc:2    | Bought a steaming tin ring for 140 gold pieces
 31964 | Orc:2    | Identified the ring of Vaerig {rN+ Int+3 Dex+6} (You bought
                  | it in a shop on level 2 of the Orcish Mines)
 31964 | Orc:2    | Bought a scintillating steel amulet for 140 gold pieces
 31964 | Orc:2    | Identified the amulet "Uttiufis" {RegenMP rPois rF++ rC-
                  | Str+9} (You bought it in a shop on level 2 of the Orcish
                  | Mines)
 32035 | Elf:1    | Entered Level 1 of the Elven Halls
 32260 | Elf:1    | Identified the +3 long sword of the Median {vorpal, Dex+4}
 32269 | Elf:1    | Found a runed translucent gate.
 32270 | Elf:1    | Found a runed translucent gate.
 32270 | Elf:1    | Found an opulent altar of Gozag.
 32271 | Elf:1    | Found a runed translucent gate.
 32273 | Elf:1    | Noticed Eveboq's ghost (adept HuCj)
 32275 | Elf:1    | Found Veqa's Assorted Antiques.
 32284 | Elf:1    | Reached skill level 16 in Spellcasting
 32286 | Elf:1    | Killed Eveboq's ghost
 32439 | Elf:1    | Bought a scroll of blinking for 270 gold pieces
 32439 | Elf:1    | Bought a scroll of fog for 72 gold pieces
 32652 | Elf:1    | Offered knowledge of Starburst by Vehumet.
 32942 | Elf:1    | Reached skill level 10 in Fighting
 34312 | Elf:2    | Found Xuunyn's Magic Scroll Shop.
 34316 | Elf:2    | Found Tiotzeug's Assorted Antiques.
 34324 | Elf:2    | Bought a scroll of amnesia for 38 gold pieces
 34324 | Elf:2    | Bought a scroll of blinking for 82 gold pieces
 34324 | Elf:2    | Bought a scroll of fog for 22 gold pieces
 34385 | Elf:2    | Reached XP level 17. HP: 83/104 MP: 11/39
 34507 | Elf:2    | Found a runed translucent gate.
 34508 | Elf:2    | Found a runed translucent gate.
 34508 | Elf:2    | Found a runed translucent gate.
 34712 | Elf:2    | Reached ****** piety under Vehumet
 35178 | Elf:2    | Reached skill level 10 in Stealth
 35447 | Elf:2    | Reached skill level 10 in Earth Magic
 35492 | Elf:2    | Noticed a deep elf blademaster
 35502 | Elf:2    | Killed a deep elf blademaster
 36072 | Elf:3    | Entered Level 3 of the Elven Halls
 36282 | Elf:3    | Acquired 1266 gold pieces
 36520 | Elf:3    | Offered knowledge of Fireball by Vehumet.
 36527 | Elf:3    | Learned a level 5 spell: Fireball
 36565 | Elf:3    | Found a runed translucent gate.
 36587 | Elf:3    | Reached skill level 1 in Fire Magic
 36845 | Elf:3    | Noticed a deep elf master archer
 36852 | Elf:3    | Killed a deep elf master archer
 36941 | Elf:3    | Found a runed translucent gate.
 36941 | Elf:3    | Found a runed translucent gate.
 36948 | Elf:3    | Noticed Pooter's ghost (adept MiBe)
 36963 | Elf:3    | Noticed Asterion
 36967 | Elf:3    | Killed Asterion
 37250 | Elf:3    | Identified the amulet "Fawn" {Regen+ Slay+2}
 37740 | D:11     | Identified the +2 robe of Zin's Scorn {rN+}
 38125 | Elf:2    | Found a shimmering blue altar of Sif Muna.
 38133 | Elf:2    | Reached skill level 5 in Fire Magic
 38315 | Elf:3    | Acquired a +2 pair of boots of flying
 38356 | Elf:3    | Identified the +4 shortbow "Daobaty" {venom, rPois rC- rN+
                  | Int+4}
 38357 | Elf:3    | Identified the ring "Xeco" {Fly rElec rF+ MP+9 Int+4}
 38390 | Elf:3    | Got the Compendium of Beguiling and Toxins
 38397 | Elf:3    | Identified the +1 chain mail "Haocionn" {Will+}
 38420 | Elf:3    | Got Reygefup's Almanac of the Glacier
 38653 | Elf:3    | Reached XP level 18. HP: 112/112 MP: 40/40
 38684 | Elf:3    | Killed Pooter's ghost
 38754 | Elf:3    | Identified the -2 cloak "Hexotsit" {Rampage Slay+5}
 39153 | Snake:1  | Entered Level 1 of the Snake Pit
 39179 | Snake:1  | Noticed Jorgrun
 39183 | Snake:1  | Killed Jorgrun
 39230 | Snake:1  | Noticed Roxanne
 39235 | Snake:1  | Killed Roxanne
 39311 | Snake:1  | Found Osmiff's General Store.
 39459 | Snake:1  | Offered knowledge of Lehudib's Crystal Spear by Vehumet.
 39633 | Snake:1  | Noticed Josephine
 39636 | Snake:1  | Killed Josephine
 39713 | Snake:1  | Found Cefaluk's Specific Store.
 40717 | Snake:2  | Noticed Donald
 40725 | Snake:2  | Killed Donald
 40841 | Snake:2  | Found Jiburph's Antique Weapon Emporium.
 40858 | Snake:2  | Found Joxyfos's General Store.
 40858 | Snake:2  | Found Wyuheefa's Antique Armour Emporium.
 40921 | Snake:2  | Found Obesheif's Assorted Antiques.
 40928 | Snake:2  | Bought a potion of magic for 128 gold pieces
 41018 | Snake:2  | Noticed Nikola
 41031 | Snake:2  | Killed Nikola
 42043 | Snake:3  | Noticed Vashnia
 42065 | Snake:3  | Killed Vashnia
 42067 | Snake:3  | HP: 4/113 [naga sharpshooter/arrow[Vashnia] (12)]
 42640 | Snake:3  | Noticed Mara
 42645 | Snake:3  | Killed Mara
 42646 | Snake:3  | Reached skill level 10 in Fire Magic
 42842 | Snake:4  | Entered Level 4 of the Snake Pit
 43344 | Snake:4  | Offered knowledge of Shatter by Vehumet.
 43344 | Snake:4  | Offered knowledge of Chain Lightning by Vehumet.
 43344 | Snake:4  | Offered knowledge of Ignition by Vehumet.
 43405 | Snake:4  | Reached XP level 19. HP: 117/120 MP: 33/41
 43758 | Snake:4  | Found Zuaberch's Magic Scroll Shop.
 43804 | Snake:4  | Bought a scroll of magic mapping for 59 gold pieces
 43804 | Snake:4  | Bought a scroll of amnesia for 59 gold pieces
 44041 | Snake:4  | Found Suesayl's Antique Weapon Emporium.
 44041 | Snake:4  | Found Vuntaek's Weapon Emporium.
 44354 | Snake:4  | Found Lisalepp's Armour Boutique.
 44610 | Snake:4  | Got a serpentine rune of Zot
 45210 | Shoals:1 | Entered Level 1 of the Shoals
 45800 | Shoals:1 | Found Merick's Armour Boutique.
 46437 | Shoals:2 | Acquired 735 gold pieces
 47576 | Shoals:3 | Noticed Polyphemus
 47663 | Shoals:3 | Killed Polyphemus
 48609 | Shoals:4 | Entered Level 4 of the Shoals
 49395 | Shoals:4 | Reached XP level 20. HP: 117/127 MP: 42/42
 49839 | Shoals:4 | Got a barnacled rune of Zot
 50496 | Vaults:1 | Entered Level 1 of the Vaults
 50783 | Slime:1  | Entered Level 1 of the Pits of Slime
 51021 | Slime:1  | Reached skill level 17 in Spellcasting
 51030 | Slime:1  | Gained mutation: You are weak. (Str -2) [a shining eye]
 51032 | Slime:1  | Gained mutation: Your magical capacity is low. (-10% MP) [a
                  | shining eye]
 51457 | Orc:2    | Bought a potion of mutation for 104 gold pieces
 51457 | Orc:2    | Lost mutation: Your magical capacity is low. (-10% MP)
                  | [potion of mutation]
 51457 | Orc:2    | Lost mutation: You are weak. (Str -2) [potion of mutation]
 51457 | Orc:2    | Gained mutation: Potions are less effective at restoring
                  | your health. [potion of mutation]
 51457 | Orc:2    | Gained mutation: You expend magic power (3 MP) to
                  | strengthen your wands. [potion of mutation]
 51457 | Orc:2    | Gained mutation: You have hidden genetic potential. [potion
                  | of mutation]
 52345 | Slime:2  | Gained mutation: You occasionally shout uncontrollably at
                  | your foes. [a shining eye]
 52396 | Slime:3  | Reached skill level 15 in Fighting
 52396 | Slime:3  | Reached skill level 18 in Spellcasting
 52509 | Slime:4  | Found a viscous altar of Jiyva.
 52993 | Slime:5  | Entered Level 5 of the Pits of Slime
 53120 | Slime:5  | Gained mutation: You have a pair of small antennae on your
                  | head. [a shining eye]
 53432 | Slime:5  | Noticed the Royal Jelly
 53464 | Slime:5  | Gained mutation: Your magical capacity is low. (-10% MP) [a
                  | shining eye]
 53738 | Slime:5  | Killed the Royal Jelly
 53847 | Slime:5  | Reached XP level 21. HP: 126/136 MP: 38/40
 53980 | Slime:5  | Noticed Dissolution
 53990 | Slime:5  | Killed Dissolution
 54165 | Slime:5  | Identified the ring "Sijisyu" {rElec Str-2 Int+6 Dex+5
                  | SInv}
 54168 | Slime:5  | Got the Incunabulum of Conjuration
 54169 | Slime:5  | Identified the +0 pair of gloves of Defence {Dex+5}
 54195 | Slime:5  | Identified the +0 shadow dragon scales of Lust {-Cast Harm
                  | Will+ Stlth++++}
 54222 | Slime:5  | Identified the ring of Cyxtuch {Wiz Contam rPois Will-
                  | Int+3 Dex+9}
 54234 | Slime:5  | Acquired the Disquisition on Calling and Intoxication
 54258 | Slime:5  | Identified the +7 hand axe of Compassion {freeze, rC+
                  | rCorr}
 54296 | Slime:5  | Got a slimy rune of Zot
 54303 | Slime:5  | Got Agee's Disquisition on Battle Magic and Clay
 54528 | Slime:3  | Lost mutation: Potions are less effective at restoring your
                  | health. [potion of mutation]
 54528 | Slime:3  | Lost mutation: You occasionally shout uncontrollably at
                  | your foes. [potion of mutation]
 54528 | Slime:3  | Gained mutation: You are partially covered in iridescent
                  | scales. (AC +2) [potion of mutation]
 54528 | Slime:3  | Gained mutation: You are agile. (Dex +2) [potion of
                  | mutation]
 54730 | Lair:1   | Lost mutation: Your magical capacity is low. (-10% MP)
                  | [potion of mutation]
 54730 | Lair:1   | Lost mutation: You have hidden genetic potential. [potion
                  | of mutation]
 54730 | Lair:1   | Lost mutation: You have a pair of small antennae on your
                  | head. [potion of mutation]
 54730 | Lair:1   | Gained mutation: Your flesh is heat resistant. (rF+)
                  | [potion of mutation]
 54730 | Lair:1   | Gained mutation: You are mostly covered in iridescent
                  | scales. (AC +4) [potion of mutation]
 54934 | Snake:4  | Bought a +2 cloak of preservation for 322 gold pieces
 56230 | Vaults:1 | Reached skill level 19 in Spellcasting
 57011 | Vaults:2 | Found Daviqim's Armour Boutique.
 57069 | Vaults:2 | Found a magical portal.
 57074 | WizLab   | Entered Iskenderun's Mystic Tower
 58171 | WizLab   | Reached skill level 20 in Spellcasting
 58344 | WizLab   | Got the Almanac of Shape Shifting and Malediction
 58357 | WizLab   | Got Iskenderun's Guide on Attacks
 58357 | WizLab   | Got Iskenderun's Grimoire of Battle Magic
 58417 | Vaults:2 | Noticed Sojobo
 58441 | Vaults:2 | Killed Sojobo
 58490 | Vaults:2 | Found Laseshor's Magic Scroll Emporium.
 58695 | Vaults:2 | Reached XP level 22. HP: 142/142 MP: 48/48
 58800 | Vaults:2 | Reached skill level 10 in Shields
 59007 | Vaults:2 | You are sucked into a shaft and drop 2 floors!
 59060 | Vaults:2 | Found Bymava's Antique Armour Emporium.
 59078 | Vaults:2 | Found Riluuh Egics's Book Boutique.
 59082 | Vaults:2 | Bought a manual of Earth Magic for 1280 gold pieces
 59428 | Vaults:2 | Found Afybekes's Distillery.
 59770 | Vaults:3 | Found a staircase to the Crypt.
 59776 | Vaults:3 | Reached skill level 15 in Fire Magic
 59961 | Vaults:3 | Acquired 1197 gold pieces
 60297 | D:5      | Bought a book of Party Tricks for 224 gold pieces
 60299 | D:5      | Learned a level 1 spell: Apportation
 60349 | D:7      | Bought a scroll of acquirement for 780 gold pieces
 60349 | D:7      | Acquired 595 gold pieces
 60446 | Lair:1   | Learned a level 8 spell: Ignition
 60756 | Vaults:3 | Acquired 650 gold pieces
 60841 | Vaults:3 | Found a transporter.
 60841 | Vaults:3 | Found a transporter.
 60857 | Vaults:3 | Found a transporter.
 60872 | Vaults:3 | Found a transporter.
 60888 | Vaults:3 | Found a transporter.
 61458 | Vaults:3 | Noticed Aizul
 61465 | Vaults:3 | Killed Aizul
 61780 | Vaults:4 | Found a runed translucent gate.
 61780 | Vaults:4 | Found a runed translucent gate.
 61781 | Vaults:4 | Found a runed translucent gate.
 61781 | Vaults:4 | Noticed Somi Kux's ghost (veteran HOFi)
 61781 | Vaults:4 | Noticed Gemof's ghost (adept DjWz)
 61811 | Vaults:4 | Killed Somi Kux's ghost
 61812 | Vaults:4 | Killed Gemof's ghost
 61921 | Vaults:4 | Identified the +0 hat of the Thirsty Knives {Will++ Dex+2}
 63065 | Crypt:1  | Entered Level 1 of the Crypt
 63157 | Crypt:1  | Reached skill level 15 in Earth Magic
 64203 | Crypt:2  | Noticed Xtahua
 64207 | Crypt:2  | Killed Xtahua
 64222 | Crypt:2  | Reached XP level 23. HP: 147/147 MP: 37/49
 65087 | Crypt:3  | Entered Level 3 of the Crypt
 65554 | Crypt:3  | Noticed a dread lich
 65559 | Crypt:3  | Killed a dread lich
 65633 | Crypt:3  | Learned a level 9 spell: Shatter
 66914 | Crypt:3  | Found a staircase to the Tomb.
 67223 | Crypt:3  | Found an ancient bone altar of Kikubaaqudgha.
 67227 | Crypt:3  | Found a basalt altar of Yredelemnul.
 67236 | Crypt:3  | Identified the ring "Etzad" {rN+ Will+ Dex+2}
 67236 | Crypt:3  | Identified the ring of Peace {rElec rC+ rN+ Dex-3 Slay+6}
 67236 | Crypt:3  | Identified the ring of the Final Decision {rElec rPois rC+
                  | rN+ Will+}
 67252 | Crypt:3  | Identified the +2 whip "Konilauc" {venom, rC+}
 67259 | Crypt:3  | Identified the ring of Igixavan {Fire Dex+4 Stlth+}
 67310 | Crypt:3  | Got the Compendium of Bewitchment and Creation
 67311 | Crypt:3  | Identified the +5 short sword of Experimentation {vorpal,
                  | Str+2 Int+4}
 68074 | Snake:1  | Bought a potion of brilliance for 56 gold pieces
 68294 | Orc:2    | Bought a potion of brilliance for 52 gold pieces
 68547 | Vaults:2 | Bought a potion of brilliance for 44 gold pieces
 68622 | Vaults:2 | Bought a book of Spatial Translocations for 416 gold pieces
 68625 | Vaults:2 | Learned a level 2 spell: Blink
 68760 | Depths:1 | Entered Level 1 of the Depths
 68761 | Depths:1 | Upgraded the game from 0.28-a0-851-g8b9cc49659 to
                  | 0.28-a0-863-g8cecda6153
 68814 | Depths:1 | Found a gateway to Hell.
 68891 | Depths:1 | Reached skill level 15 in Conjurations
 69038 | Depths:1 | Reached skill level 21 in Spellcasting
 69247 | Depths:1 | Found a one-way gate leading to the halls of Pandemonium.
 69584 | Depths:1 | Found a white marble altar of Elyvilon.
 70253 | Depths:2 | Noticed the Enchantress
 70259 | Depths:2 | Killed the Enchantress
 70348 | Depths:2 | Found an ornate altar of the Wu Jian Council.
 70879 | Depths:2 | Reached XP level 24. HP: 152/152 MP: 49/50
 70881 | Depths:2 | Reached skill level 22 in Spellcasting
 71057 | Depths:2 | Identified the +7 rapier of Gozag's Wrath {vorpal, rF-
                  | Will++}
 71796 | Depths:3 | Reached skill level 15 in Stealth
 72083 | Depths:3 | Found a one-way gate to the infinite horrors of the Abyss.
 72477 | Depths:3 | Reached skill level 23 in Spellcasting
 72611 | Depths:3 | Found Ziugiar's Jewellery Boutique.
 72868 | Depths:3 | Noticed a juggernaut
 72875 | Depths:3 | Killed a juggernaut
 73774 | Depths:4 | Entered Level 4 of the Depths
 74045 | Depths:4 | Reached skill level 24 in Spellcasting
 74138 | Depths:4 | Noticed Saint Roka
 74144 | Depths:4 | Killed Saint Roka
 74145 | Depths:4 | Reached XP level 25. HP: 159/162 MP: 48/53
 74232 | Depths:4 | Found a gate to the Realm of Zot.
 74238 | Depths:4 | Noticed Frederick
 74244 | Depths:4 | Killed Frederick
 74315 | Depths:4 | Reached skill level 10 in Transmutations
 74365 | Depths:4 | Found a shimmering altar of Xom.
 74365 | Depths:4 | Found a shimmering altar of Xom.
 74418 | Depths:4 | Reached skill level 10 in Evocations
 74418 | Depths:4 | Reached XP level 26. HP: 168/168 MP: 53/53
 74452 | Depths:4 | Found a white marble altar of Elyvilon.
 74452 | Depths:4 | Found a glowing golden altar of the Shining One.
 74452 | Depths:4 | Found a glowing silver altar of Zin.
 74541 | Depths:4 | Found a shimmering altar of Xom.
 74542 | Depths:4 | Found a shimmering altar of Xom.
 74608 | Depths:4 | Found a gateway to a ziggurat.
 74927 | Depths:4 | Found a shimmering altar of Xom.
 74929 | Depths:4 | Found a shimmering altar of Xom.
 74931 | Depths:4 | Found a shimmering altar of Xom.
 75227 | D:8      | Killed CowFu's ghost
 75342 | D:9      | Found a transporter.
 75768 | Vaults:3 | Identified the +1 helmet of the Desolation of Salt {Dex+6
                  | Stlth-}
 75785 | Vaults:3 | Identified the +5 quarterstaff "Ujeungu" {pain, *Slow rElec
                  | Will+++ MP-9}
 75818 | Vaults:3 | Learned a level 3 spell: Vampiric Draining
 76796 | Vaults:5 | Entered Level 5 of the Vaults
 76855 | Vaults:5 | Reached skill level 15 in Dodging
 76917 | Vaults:5 | Noticed a dread lich
 76919 | Vaults:5 | Killed a dread lich
 76922 | Vaults:5 | Noticed a dread lich
 76923 | Vaults:5 | Killed a dread lich
 77635 | Vaults:5 | Identified the +3 long sword "Qim Guta" {freeze, rF+ Int+4
                  | Dex+4}
 77692 | Vaults:5 | Identified the +2 robe of the Gastropod {rCorr Int+2}
 77727 | Vaults:5 | Got a silver rune of Zot
 77864 | Vaults:5 | Identified the +1 pair of gloves of Igosioh {rElec}
 78069 | Vaults:5 | Identified the +14 plate armour of the Morning {Contam
                  | Dex+2 Slay+3}
 78801 | Zot:1    | Entered Level 1 of the Realm of Zot
 79062 | Zot:1    | Reached XP level 27. HP: 173/173 MP: 45/53
 79150 | Zot:1    | Noticed an orb of fire
 79152 | Zot:1    | Lost mutation: You are agile. (Dex +2) [an orb of fire]
 79155 | Zot:1    | Killed an orb of fire
 79624 | Zot:1    | Found a huge runed gate.
 79624 | Zot:1    | Found a huge runed gate.
 79625 | Zot:1    | Found a huge runed gate.
 79626 | Zot:1    | Found a huge runed gate.
 79629 | Zot:1    | Found a huge runed gate.
 79630 | Zot:1    | Found a huge runed gate.
 79631 | Zot:1    | Found a huge runed gate.
 79799 | Zot:1    | Found a huge runed gate.
 79799 | Zot:1    | Found a huge runed gate.
 79802 | Zot:1    | Found a huge runed gate.
 79803 | Zot:1    | Found a huge runed gate.
 79804 | Zot:1    | Found a huge runed gate.
 79804 | Zot:1    | Found a huge runed gate.
 79804 | Zot:1    | Found a huge runed gate.
 79804 | Zot:1    | Found a huge runed gate.
 79806 | Zot:1    | Found a huge runed gate.
 79806 | Zot:1    | Found a huge runed gate.
 79806 | Zot:1    | Found a huge runed gate.
 79806 | Zot:1    | Found a huge runed gate.
 79808 | Zot:1    | Found a huge runed gate.
 79809 | Zot:1    | Found a huge runed gate.
 79817 | Zot:1    | Found a huge runed gate.
 79817 | Zot:1    | Found a huge runed gate.
 79817 | Zot:1    | Found a huge runed gate.
 79817 | Zot:1    | Found a huge runed gate.
 79817 | Zot:1    | Found a huge runed gate.
 79817 | Zot:1    | Found a huge runed gate.
 79818 | Zot:1    | Found a huge runed gate.
 79819 | Zot:1    | Found a huge runed gate.
 79820 | Zot:1    | Found a huge runed gate.
 79832 | Zot:1    | Found a huge runed gate.
 79832 | Zot:1    | Found a huge runed gate.
 79832 | Zot:1    | Found a huge runed gate.
 79832 | Zot:1    | Found a huge runed gate.
 79832 | Zot:1    | Found a huge runed gate.
 79833 | Zot:1    | Found a huge runed gate.
 79997 | Zot:1    | Found the +8 mithril axe "Arga" {speed, Will+}
 80550 | Zot:1    | Identified the +0 robe of Leapfrog {Str-2 Dex+5 Slay+2}
 83016 | Zot:3    | Learned a level 9 spell: Fire Storm
 85253 | Zot:5    | Entered Level 5 of the Realm of Zot
 86109 | Zot:5    | Noticed a dread lich
 86115 | Zot:5    | Noticed a dread lich
 86117 | Zot:5    | Killed a dread lich
 86118 | Zot:5    | Reached skill level 5 in Throwing
 86147 | Zot:5    | Killed a dread lich
 86363 | Zot:5    | Noticed an orb of fire
 86364 | Zot:5    | Noticed an orb of fire
 86367 | Zot:5    | Gained mutation: Your body sometimes deteriorates upon
                  | taking damage. [an orb of fire]
 86368 | Zot:5    | Gained mutation: You tend to lose your temper in combat.
                  | [an orb of fire]
 86374 | Zot:5    | Killed an orb of fire
 86443 | Zot:5    | Noticed an orb of fire
 86450 | Zot:5    | Killed an orb of fire
 86450 | Zot:5    | Noticed an orb of fire
 86455 | Zot:5    | Noticed an orb of fire
 86462 | Zot:5    | Gained mutation: Your magical capacity is low. (-10% MP)
                  | [an orb of fire]
 86463 | Zot:5    | Gained mutation: Your magical capacity is very low. (-20%
                  | MP) [an orb of fire]
 86561 | Zot:5    | Killed an orb of fire
 86779 | Zot:5    | Gained mutation: You are frail. (-10% HP) [an orb of fire]
 86781 | Zot:5    | Gained mutation: You are occasionally teleported next to
                  | monsters. [an orb of fire]
 86784 | Zot:5    | Killed an orb of fire
 86786 | Zot:5    | Killed an orb of fire
 87131 | Zot:5    | Noticed an orb of fire
 87132 | Zot:5    | Noticed a dread lich
 87132 | Zot:5    | Noticed an orb of fire
 87137 | Zot:5    | Noticed an ancient lich
 87138 | Zot:5    | Reached skill level 25 in Spellcasting
 87138 | Zot:5    | Gained mutation: Armour fits poorly on your strangely
                  | shaped body. [an orb of fire]
 87143 | Zot:5    | Killed an orb of fire
 87146 | Zot:5    | Killed a dread lich
 87146 | Zot:5    | Killed an ancient lich
 87154 | Zot:5    | Killed an orb of fire
 87156 | Zot:5    | Noticed an orb of fire
 87157 | Zot:5    | Noticed an orb of fire
 87159 | Zot:5    | Noticed an orb of fire
 87160 | Zot:5    | Gained mutation: You are clumsy. (Dex -2) [an orb of fire]
 87162 | Zot:5    | Lost mutation: You are clumsy. (Dex -2) [an orb of fire]
 87163 | Zot:5    | Noticed a dread lich
 87169 | Zot:5    | Killed from afar by an orb of fire

Illustrated notes

Levels and vault maps discovered:
D:1:      nicolae_arrival_somewhat_less_tricky_arrival, layout_rooms,
          serial_shops, shop
D:2:      layout_loops_ring
D:3:      layout_loops_ring, dreamdust_ecumenical_altar_angels_and_demons,
          kennysheep_flooded_box, ebering_dispersal_statue_hall
D:4:      layout_loops_corners, hangedman_decor_lopped, uniq_crazy_yiuf_cottage
D:5:      layout_loops_ring, serial_shops,
          nicolae_shop_temple_entry_statues_fountains, kennysheep_pointless_box,
          minmay_misc_feat_more_columns
D:6:      layout_loops_cross, uniq_prince_ribbit1
D:7:      layout_loops_ring, minmay_temple_entry_water_ring, serial_undead,
          serial_undead_b, serial_undead_e, serial_undead_a, serial_undead_b,
          serial_shops, nicolae_shop_competitors_out_of_business,
          nicolae_shop_stone, nicolae_stop_n_shop_2,
          chequers_serial_rivers_micro_d
D:8:      layout_basic, nicolae_overflow_crystal_walls, gammafunk_ghost_icy,
          uniq_maggie
D:9:      gammafunk_jiyva_shrine, layout_basic, minmay_lair_entry_grove
D:10:     layout_loops_ring, nicolae_trove_entry_columns, serial_shops, shop,
          special_room [special_room_orc]
D:11:     layout_basic, nicolae_straight_to_the_point
D:12:     layout_basic, minmay_fractal_squares_5
D:13:     minmay_the_grid_plus_closed [minmay_the_grid_expand,
          minmay_the_grid_odd_star, minmay_the_grid_diamond_grid,
          minmay_the_grid_minigrid_large,
          minmay_the_grid_prize_four_corners_diamond_b], layout_rooms,
          okawaru_trees_1
D:14:     layout_loops_ring, grunt_vaults_entry_fortified, solitary_fountain,
          uniq_frances
D:15:     gammafunk_depths_entry_grave, layout_loops_ring, chequers_garden
Temple:   mainiacjoe_temple_starburst
Lair:1:   layout_cave_pods, nzn_sisyphean_effort, grunt_megastairs_3,
          serial_bayou_shore_b, uniq_erica
Lair:2:   layout_long_grid, gauntlet_entry_generic, grunt_megastairs_2,
          infiniplex_staircase_pool_2
Lair:3:   layout_chaotic_city, minmay_snake_entry_guardpost_medium
Lair:4:   layout_gridlike, elwin_shoals_entry_stream, eino_house_with_fridge,
          uniq_nergalle
Lair:5:   layout_regular_city, minmay_hedge_maze, beast_lair_carwin_7
Lair:6:   cheibrodos_lair_end_hotspot, layout_regular_city,
          nicolae_slime_entry_slimehenge, infiniplex_staircase_pool
Shoals:1: layout_shoals, serial_shops, nicolae_shop_behind_doors
Shoals:2: layout_shoals, nicolae_shoals_mertower
Shoals:3: layout_shoals, uniq_polyphemus
Shoals:4: shoals_end_hellmonk_lost_city, serial_shops
Snake:1:  nicolae_snake_nest, layout_chambers, grunt_ministairs_15,
          nicolae_specific_store, lemuel_fruit_tree, uniq_roxanne,
          uniq_josephine, uniq_jorgrun
Snake:2:  layout_chambers, drop_trap, nicolae_snake_salamander_jacuzzi,
          serial_bayou_shore_a, minmay_shoptagon, uniq_donald, uniq_nikola
Snake:3:  layout_cave_shapes, serial_bayou_shore_b, uniq_mara, uniq_vashnia
Snake:4:  grunt_snake_rune_pools, layout_layer_cave, serial_shops, shop,
          shop_statue, nicolae_shop_stone, shop,
          nicolae_snake_round_shape_thing, grunt_ministairs_8
Slime:1:  layout_caves, cheibrodos_slime_lost_civilization_7
Slime:2:  layout_caves
Slime:3:  layout_caves, nicolae_slime_welcoming_committee
Slime:4:  layout_caves, basic_altar
Slime:5:  uniq_dissolution
Orc:1:    layout_diamond_mine
Orc:2:    grunt_orc_tribal_feast, layout_caves, basic_altar, serial_shops,
          nicolae_shop_temple_entry_statues_fountains, uniq_snorg
Elf:1:    kennysheep_blocky_hall, layout_geoelf_diagonals, ebering_ghost_gozag,
          hangedman_elf_disciples
Elf:2:    nicolae_elf_blades_crystal_corner, layout_geoelf_octagon,
          minmay_shop_star, lemuel_upstairs_altar
Elf:3:    minmay_elf_hall_x, layout_onion_city, gammafunk_ghost_tricky_traps,
          uniq_asterion
Vaults:1: vaults_room_door_ring, hangedman_vaults_trim,
          nicolae_vaults_three_branches, dpeg_vaults_monster_box,
          vaults_room_hallway, hangedman_vaults_pinch, vaults_room_corners,
          ontoclasm_vaults_gateway, v_alt_pattern_5, layout_vaults_quadrants
Vaults:2: infiniplex_enter_wizlab_spiral, v_misc_23, nicolae_vaults_network_s,
          hangedman_vaults_stream, vaults_standard_mumra_x,
          hangedman_vaults_slice, v_misc_30, v_rooms_4, v_misc_19, serial_ice_h,
          vaults_room_semicircle, layout_vaults_big_room, serial_shops, shop,
          nicolae_square_shop, nicolae_diamond_shop, shop, shop, uniq_sojobo
Vaults:3: nicolae_vaults_circle_grid_b, grunt_vaults_funnel,
          minmay_crypt_entry_simple_sparse, nicolae_vaults_shelves_hall,
          nicolae_vaults_big_angled_halls, v_alt_pattern_6, gammafunk_the_bubble
          [the_bubble_gammafunk_roulette], hangedman_vaults_hat,
          nicolae_vaults_alarming, layout_vaults_omnibox, uniq_aizul
Vaults:4: gammafunk_ghost_cemetery, v_misc_15, v_misc_4,
          ontoclasm_vaults_hangar, vaults_dpeg_doors, st_squares,
          ontoclasm_vaults_pinch, nicolae_vaults_diagonal_hallway_7,
          hangedman_vaults_unwind, ontoclasm_vaults_loading_screen,
          ontoclasm_vaults_ring_small, grunt_vaults_hallway_short,
          layout_vaults_ring, serial_glass
Vaults:5: serial_shops
Crypt:1:  layout_regular_city, grunt_crypt_arrival_split, grunt_megastairs_4
Crypt:2:  layout_basic, due_unseen_surprise, uniq_xtahua, uniq_margery
Crypt:3:  lightli_unholy_cathedral, layout_chaotic_city,
          tomb_entry_sphere_bobbens
Depths:1: layout_gridlike, rand_demon_pan_entry_3, elyvilon_altar_3, hell_entry,
          minmay_guarded_unrand_curses, serial_bayou_shore_b, grunt_megastairs_5
Depths:2: minmay_box_of_statues, layout_basic, pdpol_wu_jian_five_deadly_venoms,
          hell_entry, pan_entry, infiniplex_staircase_9_rooms, uniq_enchantress
Depths:3: nooodl_heptagram, layout_gridlike, rand_demon_pan_entry_9,
          abyss_entry_crystal, hell_entry, serial_shops, shop,
          infiniplex_staircase_x
Depths:4: grunt_zot_entry_tricorne, layout_cave_pools, enter_ziggurat_a,
          grunt_hell_entry_dis_old, good_gods_mini_temple,
          nicolae_xom_altar_mimics, serial_bayou_shore_b, uniq_frederick,
          uniq_saint_roka
Zot:1:    layout_gridlike, not_door_vault_due
Zot:2:    layout_cellular_growth
Zot:3:    minmay_elemental_castle, layout_cathedral_of_symmetry
Zot:4:    layout_onion, grunt_ministairs_12
Zot:5:    layout_onion

Skill      XL: |  1  2  3  4  5  6  7  8  9 10 11 12 13 14 15 16 17 18 19 20 21 22 23 24 25 26 27 |
---------------+----------------------------------------------------------------------------------+-----
Spellcasting   | 4 5 6 7 9 11 12 13 14 15 16 18 20 21 24 25 | 25.3
Conjurations   | 5 7 9 11 12 14 16 18 20 | 20.0
Hexes          | 2 3 5 7 9 12 14 | 14.7
Translocations | 2 4 5 7 |  7.0
Fighting       | 3 5 7 9 11 12 13 14 15 16 17 18 | 18.0
Necromancy     | 5 7 9 |  9.0
Dodging        | 4 7 8 9 10 12 14 16 | 16.0
Evocations     | 5 7 9 10 11 | 11.0
Stealth        | 7 8 9 12 14 16 | 16.0
Shields        | 3 4 5 7 8 9 12 | 12.0
Earth Magic    | 7 9 11 12 17 20 22 | 22.0
Transmutations | 1 7 9 10 12 | 12.0
Armour         | 5 7 |  7.0
Fire Magic     | 5 11 12 13 14 16 17 21 | 21.6
Throwing       | 2 6 |  6.0

Action                   |  1- 3 |  4- 6 |  7- 9 | 10-12 | 13-15 | 16-18 | 19-21 | 22-24 | 25-27 || total
-------------------------+-------+-------+-------+-------+-------+-------+-------+-------+-------++-------
Melee: Hunting sling     |       |       |     2 |       |       |       |       |       |       ||     2
       Dagger            |       |       |     1 |     3 |       |       |       |       |       ||     4
       Staff             |       |       |       |       |     2 |     2 |       |       |     2 ||     6
 Fire: Hunting sling     |       |     5 |    40 |    23 |   117 |    22 |       |       |       ||   207
 Cast: Magic Dart        |    42 |    19 |       |     1 |     2 |       |       |       |       ||    64
       Searing Ray       |    11 |    26 |    51 |    68 |    22 |     5 |       |       |       ||   183
       Fulminant Prism   |       |     1 |    22 |    84 |   113 |    61 |    12 |     4 |     4 ||   301
       Iskenderun's Myst |       |       |     3 |    62 |   119 |    66 |    76 |    53 |    47 ||   426
       Sublimation of Bl |       |       |       |     1 |       |    35 |    65 |    68 |    44 ||   213
       Stone Arrow       |       |       |       |    30 |   300 |    80 |    60 |    35 |    11 ||   516
       Lee's Rapid Decon |       |       |       |     4 |    36 |    52 |    52 |    75 |     6 ||   225
       Orb of Destructio |       |       |       |       |    37 |    54 |    76 |    72 |   129 ||   368
       Irradiate         |       |       |       |       |     6 |    13 |    25 |     6 |    14 ||    64
       Iron Shot         |       |       |       |       |    17 |   227 |   249 |   372 |   286 ||  1151
       Fireball          |       |       |       |       |       |     8 |   223 |   102 |    31 ||   364
       Ignition          |       |       |       |       |       |       |       |    15 |     7 ||    22
       Apportation       |       |       |       |       |       |       |       |     2 |       ||     2
       Shatter           |       |       |       |       |       |       |       |    20 |    53 ||    73
       Blink             |       |       |       |       |       |       |       |       |     3 ||     3
Evoke: Wand              |       |       |       |     4 |     3 |     6 |     9 |     4 |    12 ||    38
       Phantom mirror    |       |       |       |       |       |     1 |       |       |       ||     1
       Tin of tremorston |       |       |       |       |       |       |     1 |       |     2 ||     3
       Condenser vane    |       |       |       |       |       |       |       |       |     1 ||     1
  Use: Scroll            |       |     9 |     5 |     3 |    10 |     7 |    12 |     3 |    12 ||    61
       Potion            |       |       |     2 |       |       |     2 |     4 |     1 |    15 ||    24
Armor: Robe              |       |     8 |    16 |       |       |       |     5 |    25 |    37 ||    91
       Steam dragon scal |       |       |     2 |    44 |     8 |       |       |       |       ||    54
       Leather armour    |       |       |       |       |    32 |    18 |       |       |       ||    50
       Swamp dragon scal |       |       |       |       |       |    21 |    50 |       |       ||    71
Dodge: Dodged            |     4 |     4 |    26 |   113 |    49 |    62 |    91 |    40 |   128 ||   517
Block: Buckler           |       |       |       |       |    35 |    67 |    10 |       |       ||   112
       Reflection        |       |       |       |       |    15 |    37 |     8 |       |       ||    60
       Kite shield       |       |       |       |       |       |       |    83 |    59 |    75 ||   217

Table legend: (Time is in decaauts)
 A = Elapsed time spent in this place.
 B = Non-inter-level travel time spent in this place.
 C = Inter-level travel time spent in this place.
 D = Time resting spent in this place.
 E = Time spent auto-exploring this place.
 F = Levels seen in this place.
 G = Mean time per level.
                   A        B        C        D        E       F      G
               +--------+--------+--------+--------+--------+-----+--------+
         Total |  87430 |  74787 |  12643 |  25498 |  29831 |  60 | 1457.2 |
       Dungeon |  24442 |  18901 |   5541 |   7110 |   9204 |  15 | 1629.5 |
        Temple |    336 |    282 |     54 |      0 |    257 |   1 |  336.0 |
          Lair |  11753 |   9393 |   2360 |   2610 |   3785 |   6 | 1958.8 |
        Shoals |   4719 |   4460 |    259 |   1512 |   1969 |   4 | 1179.8 |
     Snake Pit |   5981 |   5615 |    366 |   1474 |   3102 |   4 | 1495.2 |
    Slime Pits |   2534 |   2489 |     45 |   1141 |    144 |   5 |  506.8 |
  Orcish Mines |   2211 |   1669 |    542 |    478 |    501 |   2 | 1105.5 |
   Elven Halls |   5858 |   5401 |    457 |   1996 |   1086 |   3 | 1952.7 |
        Vaults |   9199 |   7557 |   1642 |   2317 |   2820 |   5 | 1839.8 |
         Crypt |   4022 |   3566 |    456 |    992 |   1429 |   3 | 1340.7 |
        Depths |   6184 |   5575 |    609 |   1749 |   2755 |   4 | 1546.0 |
           Zot |   7823 |   7516 |    307 |   2999 |   2642 |   5 | 1564.6 |
         Trove |     98 |     98 |      0 |      0 |      0 |   1 |   98.0 |
        Wizlab |   1315 |   1315 |      0 |    757 |      1 |   1 | 1315.0 |
      Gauntlet |    948 |    948 |      0 |    363 |    136 |   1 |  948.0 |
               +--------+--------+--------+--------+--------+-----+--------+

Top non-repeatable levels by time:
  Lair:1: 3727 daAuts
     D:9: 3040 daAuts
     D:8: 2596 daAuts
    D:14: 2538 daAuts
  Lair:6: 2438 daAuts
Vaults:1: 2364 daAuts
    D:11: 2175 daAuts
Depths:3: 2100 daAuts
 Snake:4: 2088 daAuts
   Elf:3: 2019 daAuts
Vaults:4: 1974 daAuts
   Elf:1: 1940 daAuts
Vaults:2: 1928 daAuts
   Elf:2: 1898 daAuts
   Zot:1: 1834 daAuts
